Map: Dash and Terminal LE (Void)

Players

wabbajack

  • Race: Terran Terran
  • League: Grandmaster

Orion - Winner!

  • Race: Zerg Zerg
  • League: Grandmaster

VOD

Have the link to the VOD?

Description

Time

  • Played on: July 14, 2015, 4:24 p.m.
  • Length: 8:20
Show
View Real Time Build Order
Export as new Build Order

wabbajack Terran 

Build Orders: Mech 

Get SALT Encoding   

  12  0:02  SCV  
  13  0:14  SCV  
  14  0:18  Supply Depot  
  14  0:26  SCV  
  15  0:29  Refinery  
  15  0:40  SCV  
  16  0:47  Barracks  
  16  0:52  SCV  
  17  1:04  SCV  
  18  1:16  SCV  
  19  1:34  Orbital Command  
  19  1:37  Factory  
  19  1:39  Marine  
  20  1:42  Supply Depot  
  20  1:50  Refinery  
  20  2:04  Barracks Reactor  
  20  2:05  SCV  
  21  2:17  SCV  
  22  2:29  Factory Tech Lab  
  22  2:36  Factory  
  22  2:42  SCV  
  22  2:43  Command Center  
  23  2:45  Marine  
  24  2:51  Supply Depot  
  24  2:54  SCV  
  25  3:06  SCV, Marine x2  
  25  3:09  Hellion  
  25  3:11  Infernal Pre-Igniter  
  30  3:18  SCV  
  31  3:36  Hellion  
  31  3:37  Hellion  
  31  3:41  Siege Tank  
  38  3:56  Orbital Command  
  38  3:58  SCV, Hellion x2  
  43  4:07  Supply Depot  
  43  4:13  Siege Tank  
  46  4:30  Supply Depot  
  46  4:31  Hellion x2  
  50  4:32  Orbital Command  
  50  4:39  SCV  
  50  4:45  Siege Tank  
  54  4:51  SCV  
  54  4:52  Hellion  
  43  5:25  Barracks  
  43  5:26  Hellion x2, Siege Tank  
  50  5:31  SCV  
  50  5:32  SCV  
  50  5:44  SCV x2  
  50  5:47  Hellion x2  
  56  5:58  Armory  
  56  5:59  Siege Tank  
  56  6:00  Engineering Bay  
  56  6:03  SCV x2  
  61  6:08  Hellion x2  
  65  6:15  SCV x2, Starport  
  67  6:30  Missile Turret  
  67  6:36  Missile Turret  
  63  7:21  SCV  
  47  7:23  Hellbat  
  47  7:24  Siege Tank, Hellbat  
  54  7:38  Factory  
  54  7:40  Starport Reactor  
  54  7:41  Factory  
  54  7:42  Barracks Tech Lab  
  54  7:45  Factory  
  54  7:57  Barracks  
  54  7:59  Barracks  
  54  8:06  Refinery  
  54  8:07  SCV, Refinery  
Show
View Real Time Build Order
Export as new Build Order

Orion Zerg - Winner!

Build Orders: Hatch First, Muta Ling Bane 

Get SALT Encoding   

  12  0:01  Drone  
  13  0:12  Overlord  
  13  0:18  Drone  
  14  0:31  Drone  
  15  0:46  Hatchery  
  14  0:51  Drone  
  14  0:55  Drone  
  16  0:57  Drone  
  17  1:13  Spawning Pool  
  17  1:15  Drone  
  17  1:22  Extractor  
  16  1:28  Drone x2  
  18  1:38  Drone  
  19  1:50  Overlord  
  19  2:00  Queen x2  
  23  2:03  Zergling x4  
  23  2:08  Zergling x2  
  26  2:16  Drone  
  26  2:19  Drone  
  26  2:22  Metabolic Boost  
  28  2:24  Drone  
  28  2:28  Drone  
  30  2:33  Drone  
  31  2:39  Queen  
  31  2:43  Overlord  
  33  3:06  Queen  
  35  3:13  Drone x5  
  35  3:14  Queen  
  35  3:16  Drone  
  35  3:18  Drone  
  44  3:27  Spine Crawler  
  43  3:35  Drone  
  44  3:43  Overlord  
  44  3:44  Overlord  
  44  3:46  Lair  
  44  4:03  Drone x5  
  44  4:06  Drone  
  44  4:07  Extractor  
  50  4:10  Drone  
  50  4:13  Zergling x2  
  50  4:14  Zergling x10  
  56  4:20  Hatchery  
  55  4:30  Drone  
  54  4:31  Baneling Nest, Drone x2  
  54  4:32  Drone  
  55  4:58  Zergling x2  
  55  4:59  Zergling x14  
  57  5:10  Spire  
  54  5:20  Drone x3  
  56  5:24  Drone x3  
  59  5:35  Queen  
  59  5:36  Drone x4  
  59  5:38  Overlord x3  
  59  5:42  Extractor  
  64  5:43  Extractor  
  63  5:57  Overseer  
  63  6:03  Drone x3  
  63  6:04  Evolution Chamber  
  65  6:05  Drone x3  
  65  6:06  Evolution Chamber  
  65  6:08  Extractor x2  
  65  6:09  Drone x3  
  65  6:10  Drone x3  
  65  6:11  Drone  
  72  6:19  Centrifical Hooks  
  72  6:21  Overlord x3  
  72  6:22  Zerg Flyer Weapons Level 1  
  69  6:40  Zergling x14  
  73  6:48  Baneling x4  
  73  6:50  Zergling x22  
  84  6:57  Mutalisk x2  
  88  7:03  Mutalisk x2  
  88  7:18  Mutalisk  
  88  7:19  Mutalisk x4  
  95  7:28  Hatchery  
  94  7:32  Drone x3  
  97  7:52  Drone x13  
  109  8:05  Infestation Pit  
Tags
 
Add a new tag
Caveats
  • Supply blocks, unpowered buildings, or Contaminate may cause inaccurate times.
  • Supply counts are checked every 10 seconds.